 Dungeon Crawl Stone Soup version 0.23-a0-183-gf37f6fb (webtiles) character file.

106 dududu the Insei (level 4, -4/28 HPs)
             Began as an Octopode Transmuter on Sept 21, 2018.
             Killed from afar by Sigmund (12 damage)
             ... with a puff of flame
             ... on level 2 of the Dungeon.
             The game lasted 00:11:29 (3428 turns).

dududu the Insei (Octopode Transmuter)              Turns: 3428, Time: 00:11:30

Health: -4/28      AC:  1    Str:  9    XL:     4   Next: 84%
Magic:  1/7        EV: 14    Int: 15    God:
Gold:   59         SH:  0    Dex: 13    Spells: 1/7 levels left

rFire    . . .     SeeInvis .     - Unarmed
rCold    . . .     Gourm    .   (no shield)
rNeg     . . .     Faith    .   (helmet restricted)
rPois    .         Spirit   .   (no amulet)
rElec    .         Reflect  .   (no ring)
rCorr    .         Harm     .   (no ring)
MR       .....                  (no ring)
Stlth    ++........             (no ring)
HPRegen  0.09/turn              (no ring)
MPRegen  0.10/turn              (no ring)
                                (no ring)
                                (no ring)

@: confused, appendage (expiring), very slightly contaminated
A: almost no armour, stealthy swim, amphibious, 8 rings, constrict 8, tentacle
spike 3, camouflage 1, gelatinous body 1
a: End Transformation


You were on level 2 of the Dungeon.
You were very hungry.
One of your tentacles had a temporary spike.
You visited 1 branch of the dungeon, and saw 2 of its levels.

You collected 59 gold pieces.

Inventory:

Missiles
 a - 13 arrows
 c - 5 tomahawks (quivered)
 g - 47 stones
Armour
 d - a +0 shield
Potions
 h - a potion of ambrosia {unknown}
Comestibles
 e - 6 rations


   Skills:
 - Level 1.0 Fighting
 + Level 3.1 Dodging
 * Level 4.7 Unarmed Combat
 - Level 2.0 Spellcasting
 - Level 2.0 Transmutations


You had one spell level left.
You knew the following spells:

 Your Spells              Type           Power        Failure   Level  Hunger
a - Beastly Appendage     Tmut           #.....       10%         1    #......
c - Spider Form           Tmut/Pois      #.........   41%         3    ###....
s - Sticks to Snakes      Tmut           #.......     14%         2    ###....

Your spell library contained the following spells:

 Spells                   Type           Power        Failure   Level  Hunger
 Ice Form                 Ice/Tmut       #.......     82%         4    #####..
 Blade Hands              Tmut           #.........   95%         5    ######.


Dungeon Overview and Level Annotations

Branches:
Dungeon (2/15)

Altars:
Kikubaaqudgha
Vehumet
Zin

Annotations:
D:2 Sigmund


Innate Abilities, Weirdness & Mutations

You cannot wear most types of armour.
You are very stealthy in the water. (Stealth+)
You are amphibious.
You can wear up to eight rings at the same time.
You can use your tentacles to constrict eight enemies at once.
Your skin changes colour to match your surroundings (Stealth+).
Your rubbery body absorbs attacks. (AC +1, EV +1)
One of your tentacles bears a large vicious spike.


Message History

Sigmund is almost dead.
You constrict Sigmund, but do no damage.
Sigmund points at you and mumbles some strange words.
You are confused.
You release your grip on Sigmund.
Your ball python bites itself.
Sigmund casts a spell at you. The puff of flame misses you.
Okay, then.
Your transformation is almost over.
Sigmund casts a spell at you. The magic dart hits you!
* * * LOW HITPOINT WARNING * * *
You bump into the rock wall.
Your ball python seems less confused.
Sigmund looks at you with fury. Sigmund gestures at you while chanting.
You resist with some effort.
Sigmund points at you and mumbles some strange words.
The puff of flame hits you!
You die...

########.#.s...# #.##.####...#
#.#.###.######.##.# #...#
########.#.##.........##.####....
#..........##..#####..##.......#.
#.................)............#.
#.........###..........#.......##
#.........##.......###.#..##.....
########.###.......# #.#......###
#.###..@.@..# #.#..##.....
#......#...####....##.####
#####.##S#.##.............
........#..........#.####
.###......##.......#.....
####........#...#####. ##
#...##..[#...# ##. ...
#...##.#.#...# #..
###.##............# #..


You could see Sigmund and a friendly ball python.

Vanquished Creatures
  3 gnolls
  An ooze (D:2)
  2 worms
  3 dart slugs
  2 leopard geckos (D:2)
  8 bats
  3 giant cockroaches
  13 goblins
  4 hobgoblins
  2 jackals (D:2)
  4 frilled lizards
  6 kobolds
  2 rats (D:1)
53 creatures vanquished.

Vanquished Creatures (collateral kills)
  A gnoll (D:2)
1 creature vanquished.

Grand Total: 54 creatures vanquished

Notes
Turn   | Place    | Note
-------+----------+-------------------------------------------
     0 | D:1      | dududu the Octopode Transmuter began the quest for the Orb.
     0 | D:1      | Reached XP level 1. HP: 13/13 MP: 3/3
   125 | D:1      | Reached XP level 2. HP: 18/18 MP: 3/5
   660 | D:1      | Reached XP level 3. HP: 23/23 MP: 2/6
  1184 | D:2      | Reached skill level 4 in Unarmed Combat
  1538 | D:2      | Found a glowing silver altar of Zin.
  1596 | D:1      | Learned a level 2 spell: Sticks to Snakes
  1600 | D:1      | Learned a level 3 spell: Spider Form
  1713 | D:2      | Noticed Sigmund
  2241 | D:2      | Reached XP level 4. HP: 21/28 MP: 7/7
  2324 | D:2      | Found an ancient bone altar of Kikubaaqudgha.
  2605 | D:2      | Found a radiant altar of Vehumet.
  3016 | D:2      | HP: 1/28 [gnoll/flail (14)]
  3428 | D:2      | Killed from afar by Sigmund

Vault maps used:
D:1:      minmay_arrival_widening_spiral_wide
D:2:      vehumet_crystals, kiku_gazebo_pond_becter, overflow_temple_1_default,
          nicolae_underground_beach, uniq_sigmund, uniq_terence

Skill      XL: |  1  2  3  4 |
---------------+-------------+-----
Unarmed Combat | 4 |  4.7
Dodging        | 3 |  3.1
Fighting       | |  1.0
Spellcasting   | |  2.0
Transmutations | |  2.0

Action                   |  1- 3 |  4- 6 || total
-------------------------+-------+-------++-------
Melee: Unarmed           |    92 |    35 ||   127
       Constrict         |    33 |     6 ||    39
       Tentacles         |     8 |     3 ||    11
       Kick              |    16 |     3 ||    19
       Punch             |     1 |     1 ||     2
Throw: Tomahawk          |     8 |       ||     8
 Cast: Beastly Appendage |    19 |     3 ||    22
       Sticks to Snakes  |     3 |     5 ||     8
  Use: Scroll            |       |     2 ||     2
       Potion            |       |     2 ||     2
 Stab: Distracted        |     1 |       ||     1
       Sleeping          |     3 |     1 ||     4
  Eat: Chunk             |     5 |     3 ||     8
Armor: Skin              |    13 |     8 ||    21
Dodge: Dodged            |    53 |    26 ||    79
Block: Shield            |     7 |       ||     7

Table legend:
 A = Non-vault XP
 B = Vault XP
 C = Vault XP percentage of total XP
 D = Non-vault monster count
 E = Vault monster count
 F = Vault count percentage of total count
                 A         B        C        D         E       F
            +---------+---------+-------+---------+---------+-------
      Total |     152 |       0 |   0.0 |      54 |       0 |   0.0
            +---------+---------+-------+---------+---------+-------
        D:1 |      80 |       0 |   0.0 |      31 |       0 |   0.0
        D:2 |      72 |       0 |   0.0 |      23 |       0 |   0.0
            +---------+---------+-------+---------+---------+-------
